 Dungeon Crawl Stone Soup version 0.21-a0-472-g223bcb9 (webtiles) character file.

105 slep the Slasher (level 4, 0/40 HPs)
             Began as a Minotaur Monk on Nov 22, 2017.
             Slain by an orc (1 damage)
             ... on level 4 of the Dungeon.
             The game lasted 00:07:49 (1810 turns).

slep the Slasher (Minotaur Monk)                    Turns: 1810, Time: 00:07:50

Health: 0/40       AC:  9    Str: 15    XL:     4   Next: 53%
Magic:  3/3        EV: 10    Int:  7    God:
Gold:   205        SH:  0    Dex: 14    Spells: 3/3 levels left

rFire    + + .     SeeInvis .   a - +0 falchion
rCold    . . .     Gourm    .   (no shield)
rNeg     . . .     Faith    .   g - +0 chain mail {rF+}
rPois    .         Spirit   .   (helmet restricted)
rElec    .         Reflect  .   (no cloak)
rCorr    .         Harm     .   (no gloves)
MR       .....                  y - +0 pair of boots
Stlth    ..........             (no amulet)
HPRegen  0.13/turn              o - +2 ring of evasion
MPRegen  0.08/turn              v - ring of protection from fire

@: no status effects
A: retaliatory headbutt, horns 2
a: no special abilities


You were on level 4 of the Dungeon.
You were not hungry.

You visited 1 branch of the dungeon, and saw 4 of its levels.

You collected 205 gold pieces.

Inventory:

Hand Weapons
 a - a +0 falchion (weapon)
 p - a +2 dagger of speed
Missiles
 s - 21 poisoned needles
Armour
 b - a +0 robe
 g - a +0 chain mail of fire resistance (worn)
 y - a +0 pair of boots (worn)
Jewellery
 o - a +2 ring of evasion (left hand)
 v - a ring of protection from fire (right hand)
Scrolls
 i - a scroll of remove curse
 k - a scroll of enchant weapon {unknown}
 m - a scroll of identify {unknown}
 q - 4 scrolls of random uselessness {unknown}
 r - a scroll of blinking {unknown}
 t - 2 scrolls of noise {unknown}
 w - a scroll of immolation {unknown}
Potions
 d - a potion of haste {unknown}
 e - a potion of curing {unknown}
 h - a potion of invisibility {unknown}
 l - a potion of cancellation {unknown}
 n - 2 potions of agility {unknown}
 u - 2 potions of heal wounds {unknown}
 x - a potion of resistance {unknown}
 z - a potion of mutation {unknown}
 A - a potion of might {unknown}
 B - 2 potions of brilliance {unknown}
 C - a potion of berserk rage {unknown}
 E - a potion of ambrosia {unknown}
 F - a potion of magic {unknown}
Comestibles
 c - 2 bread rations
 j - 4 royal jellies
 D - a chunk of flesh


   Skills:
 + Level 4.3 Fighting
 + Level 4.8 Long Blades
 + Level 1.8 Armour
 + Level 4.0 Dodging
 + Level 1.8 Stealth


You had 3 spell levels left.
You didn't know any spells.

Dungeon Overview and Level Annotations

Branches:
Dungeon (4/15)
 Temple: D:4-7

Altars:
Wu Jian


Innate Abilities, Weirdness & Mutations

You reflexively headbutt those who attack you in melee.
You have a pair of horns on your head.


Message History

The orc priest closely misses you. The adder skeleton barely misses you.
You furiously retaliate!
You headbutt the adder skeleton.
You destroy the adder skeleton!
You hit the orc priest.
The orc priest is severely wounded.
The orc priest calls down the wrath of Beogh upon you.
Beogh smites you!
The orc priest invokes the aid of Beogh against you.
Beogh smites you!
* * * LOW HITPOINT WARNING * * *
As you read the scroll labeled FACLABL JAVIWI, it crumbles to dust.
It is a scroll of amnesia.
You feel forgetful for a moment. The orc misses you.
You riposte.
You hit the orc. You headbutt the orc.
The orc is almost dead.
The orc priest misses you.
As you read the scroll labeled USTEBLEBRUXT, it crumbles to dust.
You feel blessed for a moment.
It was a scroll of remove curse.
The orc hits you.
You die...

. #..##......... ..
##............. ...
##.............. ....
##............... .....
#................
...o..####................
#.o#.........(.......
##ooo................
###@........##.#.#..
###......## ####..
######## .


You could see 2 orc priests and 2 orcs.

Vanquished Creatures
  3 adders
  An ooze (D:3)
  An adder skeleton (D:4)
  4 worms
  3 dart slugs
  2 leopard geckos (D:1)
  2 orcs
  A ball python (D:2)
  3 giant cockroaches
  7 goblins
  5 hobgoblins
  A quokka (D:3)
  5 bats
  5 frilled lizards
  6 kobolds
  2 rats
51 creatures vanquished.

Notes
Turn   | Place    | Note
-------+----------+-------------------------------------------
     0 | D:1      | slep the Minotaur Monk began the quest for the Orb.
     0 | D:1      | Reached XP level 1. HP: 19/19 MP: 0/0
   156 | D:1      | Reached XP level 2. HP: 24/27 MP: 1/1
   890 | D:1      | You fall through a shaft!
   893 | D:2      | Reached XP level 3. HP: 33/33 MP: 2/2
   996 | D:2      | Found an ornate altar of the Wu Jian Council.
  1372 | D:2      | Reached skill level 1 in Armour
  1504 | D:3      | Reached XP level 4. HP: 40/40 MP: 3/3
  1808 | D:4      | HP: 1/40 [orc priest/divine providence (16)]
  1810 | D:4      | Slain by an orc

Vault maps used:
D:1:      evilmike_arrival_come_back, kennysheep_doodads, serial_park_tiny_pond,
          minmay_tree_intersection
D:2:      lemuel_doored_altar, st_stairs_3, eino_tiny_chamber
D:3:      lemuel_blue_sif_altar, first_bread, st_stairs_14
D:4:      lemuel_round_altar

Skill      XL: |  1  2  3 |
---------------+----------+-----
Fighting       | 4 |  4.3
Long Blades    | 4 |  4.8
Dodging        | 4 |  4.0
Armour         | 1 |  1.8
Stealth        | |  1.8

Action                   |  1- 3 |  4- 6 || total
-------------------------+-------+-------++-------
Melee: Falchion          |    93 |    53 ||   146
       Headbutt          |    14 |    13 ||    27
  Use: Scroll            |       |     2 ||     2
  Eat: Chunk             |     1 |     2 ||     3
Armor: Chain mail        |    47 |    24 ||    71
Dodge: Dodged            |    39 |    34 ||    73
       Rpst.: Falchion   |    18 |    13 ||    31

Table legend:
 A = Spawn XP
 B = Non-spawn XP
 C = Spawn XP percentage of total XP
 D = Spawn monster count
 E = Non-spawn monster count
 F = Spawn count percentage of total count
 G = Total turns spent on level
                    A         B        C        D         E        F      G
               +---------+---------+-------+---------+---------+-------+---------
         Total |       0 |     150 |   0.0 |       0 |      51 |   0.0 |  1810
               +---------+---------+-------+---------+---------+-------+---------
           D:1 |       0 |      39 |   0.0 |       0 |      19 |   0.0 |   894
           D:2 |       0 |      49 |   0.0 |       0 |      16 |   0.0 |   558
           D:3 |       0 |      52 |   0.0 |       0 |      13 |   0.0 |   240
           D:4 |       0 |      10 |   0.0 |       0 |       3 |   0.0 |   118
               +---------+---------+-------+---------+---------+-------+---------
